 Dungeon Crawl Stone Soup version 0.31-a0-263-ge8cad7f256 (webtiles) character file.

Game seed: 1767983234515676406

114 qw the Shooter (level 4, 0/26 HPs)
             Began as a Gargoyle Hexslinger on July 13, 2023.
             Slain by Grinder (6 damage)
             ... while paralysed by Grinder
             ... on level 3 of the Dungeon.
             The game lasted 00:00:36 (1735 turns).

qw the Shooter (Gargoyle Hexslinger)                Turns: 1735, Time: 00:00:37

Health: 0/26       AC:  7    Str: 12    XL:     4   Next: 97%
Magic:  5/5        EV:  2    Int: 13    God:
Gold:   82         SH:  0    Dex: 14    Spells: 4/5 levels left

rFire   . . .        Y - +1 sling (flame)
rCold   . . .        (no shield)
rNeg    + . .        f - +0 leather armour
rPois   inf          (no helmet)
rElec   +            (no cloak)
rCorr   .            (no gloves)
SInv    .            k - +0 pair of boots
Will    .....        j - amulet of faith
Stlth   +            (no ring)
HPRegen 0.24/turn    (no ring)
MPRegen 0.09/turn

%: faith
@: paralysed
A: sickness immunity, AC +3, negative energy resistance 1, electricity
resistance, torment resistance 1, petrification resistance
a: no special abilities


You were on level 3 of the Dungeon.
You visited 1 branch of the dungeon, and saw 3 of its levels.

You collected 82 gold pieces.


Innate Abilities, Weirdness & Mutations

You are immune to sickness and miasma.
Your stone body is resilient. (AC +3)
You are immune to poison.
You resist negative energy. (rN+)
You are resistant to electric shocks. (rElec)
You are resistant to unholy torment.
You are immune to petrification.


   Skills:
 - Level 2.0 Fighting
 + Level 4.7 Ranged Weapons
 - Level 1.5 Dodging
 - Level 1.0 Spellcasting
 - Level 2.6 Hexes


You had 4 spell levels left.
You knew the following spells:

 Your Spells              Type           Power      Damage    Failure   Level
a - Slow                  Hex            28%        N/A       12%         1

Your spell library contained the following spells:

 Spells                   Type           Power      Damage    Failure   Level
 Inner Flame              Hex/Fire       4%         N/A       52%         3
 Portal Projectile        Hex/Tloc       8%         N/A       52%         3
 Cause Fear               Hex            3%         N/A       75%         4

Inventory:

Hand Weapons
 Y - a +1 sling of flaming (weapon)
Armour
 f - a +0 leather armour (worn)
 k - a +0 pair of boots (worn)
Jewellery
 j - an amulet of faith (around neck)
Scrolls
 c - a scroll of identify
Potions
 a - a potion of heal wounds {unknown}
 b - a potion of degeneration {unknown}
 d - a potion of attraction {unknown}
 h - a potion of brilliance {unknown}

Dungeon Overview and Level Annotations

Branches:
Dungeon (3/15)

Altars:

Annotations:
D:3 Grinder


Message History

You suddenly lose the ability to move!
Grinder grins, showing sharp teeth.
Grinder gestures at you. Pain shoots through your body! Grinder hits you.
You writhe in agony.
You can move again.
You shoot a sling bullet. The sling bullet barely misses Grinder.
Grinder completely misses you.
You shoot a sling bullet.
The sling bullet closely misses Grinder.
Grinder gestures at you.
You shrug off the repeated paralysis!
Grinder hits you but does no damage.
You shoot a sling bullet. The sling bullet barely misses Grinder.
Grinder gestures at you.
You barely resist. You shoot a sling bullet.
The sling bullet completely misses Grinder.
Grinder gestures at you.
You barely resist. You shoot a sling bullet.
The sling bullet closely misses Grinder.
Grinder hits you but does no damage.
You shoot a sling bullet.
The sling bullet hits Grinder but does no damage.
Grinder is heavily wounded.
Grinder gestures at you. You resist with significant effort.
You shoot a sling bullet. The sling bullet barely misses Grinder.
Grinder hits you but does no damage. Grinder hits you.
You shoot a sling bullet. The sling bullet hits Grinder.
The sling bullet burns Grinder.
Grinder is heavily wounded.
Grinder hits you.
You writhe in agony.
You shoot a sling bullet.
The sling bullet hits Grinder but does no damage.
Grinder is heavily wounded.
Grinder gestures at you.
You suddenly lose the ability to move!
Grinder hits you.
You die...

#.##......########
#.###.............
#.# ###########...
#.# #... #.# ###'
#.# #. #.# #. #.#
####' #@# #....
#5# #.... ...
#.... #..## #....
#... +<... #%..
#.... #... #....
..... ......
#######


You could see Grinder.

Vanquished Creatures
  A scorpion (D:2)
  An adder (D:2)
  A worm (D:2)
  6 ball pythons
  3 endoplasms
  A giant cockroach (D:1)
  6 goblins
  7 hobgoblins
  2 quokkas (D:1)
  6 bats
  2 frilled lizards
  2 kobolds
  7 rats
45 creatures vanquished.

Notes
Turn   | Place    | Note
-------+----------+-------------------------------------------
     0 | D:1      | qw the Gargoyle Hexslinger began the quest for the Orb.
     0 | D:1      | Reached XP level 1. HP: 12/12 MP: 2/2
     0 | D:1      | 0 ||| qw: Version: 0.3-a-52-g30416fa
     0 | D:1      | 0 ||| qw: Game counter: 7502
     0 | D:1      | 0 ||| qw: Melee chars always use a shield: true
     0 | D:1      | 0 ||| qw: God list: Okawaru
     0 | D:1      | 0 ||| qw: Allow faded altars: false
     0 | D:1      | 0 ||| qw: Do Orc after clearing Dungeon:15 true
     0 | D:1      | 0 ||| qw: Do second Lair branch before Depths: true
     0 | D:1      | 0 ||| qw: Lair rune preference: random
     0 | D:1      | 0 ||| qw: Goals: Normal
     0 | D:1      | 0 ||| PLANNING D:1-11
   191 | D:1      | Reached XP level 2. HP: 16/16 MP: 3/3
   257 | D:1      | Reached skill level 3 in Ranged Weapons
   535 | D:1      | Reached XP level 3. HP: 21/21 MP: 4/4
   639 | D:1      | 639 ||| UPGRADING to +0 leather armour.
   649 | D:1      | 649 ||| DROPPING +0 robe.
   650 | D:1      | 650 ||| DROPPING amulet of magic regeneration.
   651 | D:1      | 651 ||| READING scroll labelled AMIUCO WEAJAPOZE.
   652 | D:1      | 652 ||| READING scroll labelled CAOXAE GUWEACS.
   655 | D:1      | 655 ||| DROPPING scroll of poison.
   859 | D:2      | Noticed a scorpion
   872 | D:2      | HP: 5/21 [scorpion (4)]
   873 | D:2      | Killed a scorpion
   874 | D:2      | Reached skill level 4 in Ranged Weapons
   874 | D:2      | Reached XP level 4. HP: 7/26 MP: 5/5
  1526 | D:2      | 1526 ||| UPGRADING to +0 pair of boots.
  1531 | D:2      | 1531 ||| UPGRADING to amulet of faith.
  1536 | D:2      | 1536 ||| READING 2 scrolls labelled MYPEUN EMOACYSM.
  1537 | D:2      | 1537 ||| READING scroll labelled EZIOTU EHUICS.
  1538 | D:2      | 1538 ||| READING scroll labelled HUNNIUNAID.
  1539 | D:2      | 1539 ||| DRINKING 2 murky red potions.
  1540 | D:2      | 1540 ||| DRINKING 2 brown potions.
  1541 | D:2      | 1541 ||| DRINKING potion of curing.
  1541 | D:2      | 1541 ||| (to cure confusion)
  1542 | D:2      | 1542 ||| DROPPING potion of ambrosia.
  1590 | D:3      | Found a faded altar of an unknown god.
  1715 | D:3      | Noticed Grinder
  1721 | D:3      | Paralysed by Grinder for 5 turns
  1733 | D:3      | HP: 6/26 [Grinder (1)]
  1734 | D:3      | Paralysed by Grinder for 3 turns
  1735 | D:3      | Slain by Grinder

Levels and vault maps discovered:
D:1:      nzn_arrival_water_spiral, layout_basic, grunt_decor_arrowhead,
          roderic_malta_cross
D:2:      layout_basic, minivault_25
D:3:      layout_basic, nicolae_ecumenical_oubliette, minmay_shallow_snake_nest,
          uniq_ijyb, uniq_grinder

Skill      XL: |  1  2  3 |
---------------+----------+-----
Ranged Weapons | 3 4 |  4.7
Fighting       | 2 |  2.0
Dodging        | |  1.5
Spellcasting   | |  1.0
Hexes          | |  2.6

Action                     |  1- 3 |  4- 6 || total
---------------------------+-------+-------++-------
   Fire: Sling             |    86 |    58 ||   144
    Use: Scroll            |     2 |     3 ||     5
         Potion            |       |     3 ||     3
 Armour: Robe              |     4 |       ||     4
         Leather armour    |    13 |     9 ||    22
  Dodge: Dodged            |    26 |    17 ||    43

Table legend:
 A = Non-vault XP
 B = Vault XP
 C = Vault XP percentage of total XP
 D = Non-vault monster count
 E = Vault monster count
 F = Vault count percentage of total count
                 A         B        C        D         E       F
            +---------+---------+-------+---------+---------+-------
      Total |     163 |       0 |   0.0 |      45 |       0 |   0.0
            +---------+---------+-------+---------+---------+-------
        D:1 |      35 |       0 |   0.0 |      22 |       0 |   0.0
        D:2 |     124 |       0 |   0.0 |      20 |       0 |   0.0
        D:3 |       4 |       0 |   0.0 |       3 |       0 |   0.0
            +---------+---------+-------+---------+---------+-------
